Map: Yellowjacket

Players

Ekelpack - Winner!

  • Race: Zerg Zerg
  • Spawn Location: 1:00

Nyck - Winner!

  • Race: Terran Terran
  • Spawn Location: 3:00

headtrouser

  • Race: Terran Terran
  • Spawn Location: 9:00

Blackout

  • Race: Zerg Zerg
  • Spawn Location: 7:00

VOD

Have the link to the VOD?

Description

Time

  • Played on: Dec. 18, 2024, 1:37 p.m.
  • Length: 9:03
Show
View Real Time Build Order
Export as new Build Order

Ekelpack Zerg - Winner!

Build Orders: Hatch First 

Get SALT Encoding   

  12  0:00  Drone  
  13  0:13  Overlord  
  13  0:18  Drone  
  14  0:32  Drone  
  15  0:46  Hatchery  
  15  0:47  Drone  
  15  1:01  Spawning Pool  
  14  1:05  Drone  
  15  1:17  Drone x2  
  17  1:20  Drone, Extractor  
  17  1:30  Drone  
  18  1:40  Drone  
  19  1:50  Queen  
  21  1:58  Queen  
  21  1:59  Drone  
  24  2:04  Drone  
  24  2:07  Drone  
  26  2:11  Drone  
  26  2:13  Drone  
  28  2:20  Overlord  
  28  2:25  Extractor  
  28  2:26  Drone  
  28  2:40  Drone x2  
  30  2:47  Drone  
  30  2:48  Lair  
  31  2:55  Spine Crawler  
  31  2:56  Metabolic Boost  
  30  3:01  Zergling x2  
  30  3:02  Zergling x8  
  35  3:14  Zergling x2  
  35  3:16  Overlord  
  36  3:33  Extractor  
  35  3:40  Extractor  
  34  3:42  Drone x3  
  34  3:43  Drone x4  
  34  3:44  Overlord x2  
  38  4:03  Queen  
  40  4:16  Spire  
  39  4:20  Drone x4  
  39  4:21  Drone x2  
  44  4:46  Overlord x2  
  44  4:47  Zergling x6  
  44  4:48  Zergling x10  
  52  4:53  Drone  
  52  4:58  Queen  
  55  5:05  Overlord  
  55  5:28  Mutalisk x3  
  55  5:29  Mutalisk x5  
  71  5:41  Mutalisk  
  71  5:42  Mutalisk x2  
  77  5:46  Drone  
  78  5:50  Zerg Flyer Weapons Level 1  
  76  6:15  Mutalisk x3  
  81  6:25  Overlord  
  81  6:26  Overlord x2  
  81  6:28  Queen  
  81  6:29  Overlord  
  81  6:30  Overlord  
  83  6:44  Mutalisk x3  
  83  6:45  Mutalisk  
  91  6:48  Overlord  
  83  7:05  Mutalisk x2  
  83  7:06  Zergling x2, Mutalisk  
  83  7:07  Zergling x6  
  81  7:31  Zergling x8  
  84  7:45  Hatchery  
  77  8:04  Mutalisk x2  
  77  8:05  Mutalisk x2  
  80  8:06  Zergling x4  
  83  8:25  Zergling x4  
  83  8:26  Zergling x8  
Show
View Real Time Build Order
Export as new Build Order

Nyck Terran - Winner!

Build Orders:  

Get SALT Encoding   

  12  0:00  SCV  
  13  0:12  SCV  
  14  0:21  Supply Depot  
  14  0:24  SCV  
  15  0:42  SCV  
  16  0:44  Barracks  
  16  0:48  Refinery  
  16  0:52  Refinery  
  16  0:55  SCV  
  17  1:13  SCV  
  18  1:26  SCV  
  19  1:37  Reaper  
  20  1:44  Orbital Command  
  20  1:53  Factory  
  20  2:13  SCV  
  21  2:28  Barracks Reactor  
  21  2:38  Supply Depot  
  21  3:13  Hellion x2  
  21  3:14  Bunker  
  26  3:20  SCV  
  26  3:27  Barracks Tech Lab  
  26  3:28  Barracks Reactor  
  26  3:35  Hellion x2  
  26  3:38  Supply Depot  
  30  3:42  Factory  
  30  3:44  Supply Depot, SCV  
  28  4:10  Hellion x2  
  27  4:21  SCV  
  26  4:33  SCV, Command Center  
  27  4:42  Factory Tech Lab  
  27  4:47  SCV  
  28  4:53  Marine  
  28  4:54  Marine  
  30  5:00  Infernal Pre-Igniter  
  30  5:05  SCV  
  31  5:09  Cyclone  
  34  5:22  Barracks  
  34  5:25  SCV, Factory Tech Lab  
  34  5:27  Barracks  
  35  5:38  SCV  
  36  5:50  Cyclone x2  
  42  6:03  Supply Depot  
  42  6:19  Orbital Command, Mag-Field Accelerator  
  42  6:20  SCV  
  43  6:25  Cyclone  
  43  6:31  Barracks Tech Lab  
  46  6:39  SCV  
  47  6:41  Marine x2  
  49  6:49  SCV  
  28  7:53  SCV x2  
  28  7:54  Marine x4  
  28  7:55  Marine  
  28  7:57  Cyclone x2  
  41  8:05  SCV x2  
  43  8:27  SCV  
  43  8:28  SCV  
  45  8:34  Command Center  
  45  8:39  SCV  
  45  8:40  SCV  
Show
View Real Time Build Order
Export as new Build Order

headtrouser Terran 

Build Orders:  

Get SALT Encoding   

  12  0:00  SCV  
  13  0:12  SCV  
  14  0:26  Supply Depot  
  14  0:30  SCV  
  15  0:41  Refinery  
  15  0:47  SCV  
  16  0:52  Barracks  
  16  1:11  Barracks  
  16  1:12  SCV  
  17  1:36  SCV  
  17  1:39  Marine  
  19  1:43  Supply Depot  
  19  1:49  Orbital Command  
  19  2:06  Reaper x2  
  21  2:34  Command Center  
  21  2:38  Reaper x2  
  23  2:58  Refinery  
  23  3:02  SCV, Factory  
  24  3:15  SCV  
  25  3:27  SCV  
  26  3:39  SCV  
  27  3:43  Refinery  
  27  3:44  Refinery  
  27  3:57  SCV  
  27  3:59  Orbital Command  
  24  4:28  SCV  
  24  4:29  SCV  
  26  4:34  Factory Tech Lab  
  26  4:37  Starport  
  26  4:38  Barracks Tech Lab  
  26  4:40  SCV, Starport  
  26  4:41  SCV  
  28  4:53  SCV x2  
  30  5:02  Factory Tech Lab  
  30  5:05  SCV x2  
  32  5:17  SCV x2  
  34  5:24  Fusion Core  
  34  5:27  Banshee x2  
  40  5:32  Starport  
  40  5:34  SCV  
  40  5:35  SCV  
  42  5:46  SCV  
  42  5:47  SCV  
  42  5:49  Supply Depot x2  
  44  5:50  Supply Depot  
  44  5:59  SCV x2  
  44  6:03  Armory x2  
  46  6:11  SCV x2  
  47  6:13  Supply Depot x2, Cloaking Field  
  47  6:14  Supply Depot  
  47  6:25  Liberator x2  
  47  6:27  Liberator  
  47  6:32  Engineering Bay  
  56  6:33  SCV x2  
  58  6:45  SCV x2  
  60  6:57  SCV  
  61  7:01  Missile Turret x2  
  61  7:02  Missile Turret  
  61  7:14  Battlecruiser, Missile Turret  
  61  7:15  Missile Turret  
  53  7:16  Battlecruiser  
Show
View Real Time Build Order
Export as new Build Order

Blackout Zerg 

Build Orders: Hatch First 

Get SALT Encoding   

  12  0:02  Drone  
  13  0:15  Overlord  
  13  0:17  Drone  
  14  0:27  Drone, Extractor  
  14  0:34  Drone  
  15  0:44  Drone  
  15  0:49  Drone  
  17  1:06  Hatchery  
  17  1:08  Overlord  
  16  1:21  Spawning Pool  
  16  1:25  Drone x2  
  17  1:35  Drone  
  18  1:43  Drone  
  19  2:09  Zergling x4  
  19  2:10  Queen  
  19  2:15  Zergling x2  
  24  2:18  Queen  
  24  2:20  Zergling x2  
  27  2:27  Zergling x2  
  28  2:30  Zergling x2  
  28  2:32  Metabolic Boost  
  28  3:00  Zergling x2  
  28  3:01  Zergling x8  
  33  3:09  Drone  
  34  3:17  Drone x2  
  36  3:33  Overlord x2  
  30  4:06  Drone  
  30  4:07  Drone x12  
  43  4:12  Spine Crawler  
  42  4:21  Lair  
  42  4:22  Spine Crawler  
  41  4:27  Drone x3  
  41  4:29  Extractor  
  39  4:32  Zergling x2  
  39  4:33  Zergling x2  
  41  4:41  Zergling x8  
  45  4:48  Evolution Chamber  
  45  4:50  Drone x2  
  45  4:52  Evolution Chamber  
  45  5:01  Zergling x4  
  45  5:03  Extractor  
  46  5:11  Zergling x12  
  52  5:19  Zerg Ground Armor Level 1  
  52  5:21  Zerg Missile Weapons Level 1  
  52  5:30  Infestation Pit  
  52  5:35  Hydralisk Den  
  50  5:38  Zergling x4  
  50  5:41  Overlord x3  
  50  5:42  Overlord x2  
  47  6:16  Hydralisk x4  
  47  6:17  Hydralisk x3  
  60  6:25  Zergling x10  
  57  6:35  Spore Crawler  
  57  6:39  Spore Crawler  
  55  6:51  Hydralisk  
  55  6:53  Hydralisk x2  
  61  6:55  Zergling x6  
  59  7:08  Hydralisk x2  
  43  7:10  Zergling x6  
  41  7:33  Hydralisk x3  
  41  7:35  Zergling x2  
  43  7:58  Zergling x10  
  20  8:24  Hydralisk x3  
Tags
 
Add a new tag
Caveats
  • Supply blocks, unpowered buildings, or Contaminate may cause inaccurate times.
  • Supply counts are checked every 10 seconds.